 Dungeon Crawl Stone Soup version 0.28.0-53-g5a82cb258f (webtiles) character file.

Game seed: 6845705458738709681

135 pkoi the Digger (level 4, -4/33 HPs)
             Began as a Demigod Earth Elementalist on June 2, 2022.
             Slain by an orc priest
             ... wielding a +0 hand axe
              (7 damage)
             ... on level 4 of the Dungeon.
             The game lasted 00:04:35 (4614 turns).

pkoi the Digger (Demigod Earth Elementalist)        Turns: 4614, Time: 00:04:36

Health: -4/33      AC:  4    Str:  9    XL:     4   Next: 66%
Magic:  3/9        EV: 12    Int: 21    God:
Gold:   133        SH:  0    Dex: 14    Spells: 0/6 levels left

rFire   . . .      SeeInvis .   e - +0 spear
rCold   . . .      Faith    .   (no shield)
rNeg    . . .      Spirit   .   b - +0 robe
rPois   .          Reflect  .   (no helmet)
rElec   .          Harm     .   (no cloak)
rCorr   .          Rampage  .   k - +0 pair of gloves
Will    .....                   i - +0 pair of boots
Stlth   ++........              (no amulet)
HPRegen 0.11/turn               (no ring)
MPRegen 0.11/turn               (no ring)

@: brilliant
A: high MP 1, forlorn, divine attributes
a: no special abilities


You were on level 4 of the Dungeon.
You visited 1 branch of the dungeon, and saw 4 of its levels.

You collected 133 gold pieces.

Inventory:

Hand Weapons
 e - a +0 spear (weapon)
Missiles
 c - 147 stones
Armour
 b - a +0 robe (worn)
 i - a +0 pair of boots (worn)
 k - a +0 pair of gloves (worn)
Magical Staves
 r - a staff of air
Jewellery
 a - an amulet of the acrobat
 d - an amulet of regeneration
Wands
 n - a wand of flame (16)
Scrolls
 f - 3 scrolls of immolation {unknown}
 g - 3 scrolls of identify
 l - 2 scrolls of fear {unknown}
 o - 2 scrolls of teleportation
 s - a scroll of blinking {unknown}
 t - 3 scrolls of amnesia {unknown}
Potions
 h - a potion of attraction
 j - a potion of resistance
 p - a potion of mutation {unknown}
 q - a potion of curing {unknown}


   Skills:
 - Level 1.7 Dodging
 - Level 1.7 Stealth
 - Level 1.7 Spellcasting
 + Level 1.0 Conjurations
 + Level 1.4 Transmutations
 + Level 4.8 Earth Magic


You couldn't memorise any spells.
You knew the following spells:

 Your Spells              Type           Power      Damage    Failure   Level
a - Sandblast             Erth           66%        2d15      1%          1
b - Passwall              Tmut/Erth      18%        N/A       6%          2
c - Stone Arrow           Conj/Erth      42%        3d9       14%         3

Your spell library contained the following spells:

 Spells                   Type           Power      Damage    Failure   Level
 Blink                    Tloc           4%         N/A       22%         2
 Ensorcelled Hibernation  Hex/Ice        4%         N/A       22%         2
 Petrify                  Tmut/Erth      22%        N/A       38%         4
 Gell's Gravitas          Tloc           2%         N/A       41%         3
 Lesser Beckoning         Tloc           2%         N/A       41%         3
 Swiftness                Air            2%         N/A       41%         3
 Teleport Other           Tloc           2%         N/A       41%         3
 Manifold Assault         Tloc           2%         N/A       99%         5
 Dispersal                Tloc           1%         N/A       100%        6


Dungeon Overview and Level Annotations

Branches:
Dungeon (4/15)
 Temple: D:4-7

Shops:
D:3 ?[


Innate Abilities, Weirdness & Mutations

You have an increased reservoir of magic. (+10% MP)
You shall have no god before yourself.
Your divine heritage dramatically boosts your attributes as you level up.


Message History

Press: ? - help, Q - select action, (/) - cycle Shift-Dir - straight line, f/p - orc priest
Aim: an orc priest, wielding a +0 hand axe and wearing a +0 chain mail (86% to hit)
The blast of sand hits the orc priest.
The orc priest is lightly wounded.
Press: ? - help, v - describe, . - travel
Here: an orc priest, wielding a +0 hand axe and wearing a +0 chain mail (lightly wounded)
The floor.
The orc priest barely misses you.
There is a stone staircase leading up here.
Okay, then.
Casting: Sandblast (safe; 1% risk of failure)
Confirm with . or Enter, or press ? or * to list all spells.
The spell is quite dangerous to miscast (14% risk of failure)!
Continue anyway?
Okay, then.
Unknown command.
Aiming: Throw Flame
Press: ? - help, Shift-Dir - straight line, f/p - orc priest
Aim: an orc priest, wielding a +0 hand axe and wearing a +0 chain mail (lightly wounded, 77% to hit)
The puff of flame hits the orc priest but does no damage.
The orc priest is lightly wounded.
The orc priest hits you but does no damage.
Unknown command.
It was a potion of brilliance.
You feel clever all of a sudden. The orc priest barely misses you.
Aiming: Sandblast (safe; 1% risk of failure)
Press: ? - help, Q - select action, (/) - cycle Shift-Dir - straight line, f/p - orc priest
Aim: an orc priest, wielding a +0 hand axe and wearing a +0 chain mail (lightly wounded, 87% to hit)
You feel a surge of power!
The blast of sand misses the orc priest.
The orc priest hits you with a +0 hand axe.
* * * LOW HITPOINT WARNING * * *
Aiming: Sandblast (safe; 1% risk of failure)
Press: ? - help, Q - select action, (/) - cycle Shift-Dir - straight line, f/p - orc priest
Aim: an orc priest, wielding a +0 hand axe and wearing a +0 chain mail (lightly wounded, 87% to hit)
You feel a surge of power!
The blast of sand hits the orc priest but does no damage.
The orc priest is lightly wounded.
The orc priest hits you with a +0 hand axe!
You die...

##.... ##....≈ ##.....#
#......≈ ######..#..≈+
####...........+ ####
###.##..........≈#
##..###.....#.#.......≈≈
#.....#@..###.#.......≈≈
##.....#o..............≈
####....##...............
#......####..............
##......#.#....##.........
#..##..........#..........
##...#....##...............
#..........................
###....#..#...............#


You could see an orc priest.

Vanquished Creatures
  A jelly (D:4)
  3 adders
  An adder skeleton (D:4)
  A dart slug (D:3)
  4 orcs (D:4)
  7 ball pythons
  6 endoplasms
  2 giant cockroaches (D:2)
  7 goblins
  9 hobgoblins
  3 jackals (D:4)
  A kobold (D:2)
  2 quokkas
  8 bats
  6 frilled lizards (D:1)
  5 rats
66 creatures vanquished.

Notes
Turn   | Place    | Note
-------+----------+-------------------------------------------
     0 | D:1      | pkoi the Demigod Earth Elementalist began the quest for the
                  | Orb.
     0 | D:1      | Reached XP level 1. HP: 14/14 MP: 5/5
    65 | D:1      | Reached skill level 3 in Earth Magic
   343 | D:1      | Reached XP level 2. HP: 20/20 MP: 0/7
  1830 | D:2      | Reached XP level 3. HP: 26/26 MP: 8/8
  2069 | D:2      | Reached skill level 4 in Earth Magic
  3186 | D:3      | Found Wetriabu's Magic Scroll Shoppe.
  3425 | D:3      | Found Bisudgh's Armour Shop.
  3506 | D:3      | Reached XP level 4. HP: 26/33 MP: 5/9
  3510 | D:3      | Learned a level 2 spell: Passwall
  3514 | D:3      | Learned a level 3 spell: Stone Arrow
  3637 | D:4      | Reached skill level 1 in Transmutations
  4296 | D:4      | Reached skill level 1 in Conjurations
  4614 | D:4      | Slain by an orc priest

Illustrated notes

Levels and vault maps discovered:
D:1:      minmay_arrival_wavy_path, layout_basic, ebering_ecumenical_altar_mist,
          corexii_leaking_fountain
D:2:      layout_loops_ring
D:3:      layout_rooms, tso_oasis_becter, serial_shops, shop,
          nicolae_shop_crystal
D:4:      layout_cave_pools, nicolae_qazlal_general_emergency, lemuel_tele_altar

Skill      XL: |  1  2  3  4 |
---------------+-------------+-----
Earth Magic    | 3 4 |  4.8
Transmutations | 1 |  1.4
Conjurations   | 1 |  1.0
Dodging        | |  1.7
Stealth        | |  1.7
Spellcasting   | |  1.7

Action                   |  1- 3 |  4- 6 || total
-------------------------+-------+-------++-------
Melee: Spear             |   171 |    25 ||   196
       Punch             |     1 |     1 ||     2
 Cast: Sandblast         |    21 |    31 ||    52
Evoke: Wand              |       |     1 ||     1
  Use: Scroll            |     2 |       ||     2
       Potion            |     1 |     1 ||     2
 Stab: Sleeping          |     8 |       ||     8
       Distracted        |     1 |       ||     1
Armor: Robe              |    39 |    20 ||    59
Dodge: Dodged            |    97 |    39 ||   136
